 Dungeon Crawl Stone Soup version 0.28.0 (webtiles) character file.

Game seed: 5499966789663085673

8 BeingJoeMalik the Cudgeller (level 2, -1/26 HPs)
             Began as a Draconian Monk on Feb 13, 2022.
             Slain by a kobold (5 damage)
             ... on level 1 of the Dungeon.
             The game lasted 00:00:26 (223 turns).

BeingJoeMalik the Cudgeller (Draconian Monk)         Turns: 223, Time: 00:00:27

Health: -1/26      AC:  4    Str: 13    XL:     2   Next: 0%
Magic:  2/2        EV: 12    Int: 10    God:
Gold:   0          SH:  0    Dex: 13    Spells: 1/1 levels left

rFire   . . .      SeeInvis .   a - +0 mace
rCold   . . .      Faith    .   (no shield)
rNeg    . . .      Spirit   .   (armour unavailable)
rPois   .          Reflect  .   (helmet restricted)
rElec   .          Harm     .   (no cloak)
rCorr   .          Rampage  .   (no gloves)
Will    .....                   (no boots)
Stlth   ++........              (no amulet)
HPRegen 0.08/turn               (no ring)
MPRegen 0.08/turn               (no ring)

@: no status effects
A: AC +4, unfitting armour, cold-blooded
a: no special abilities


You were on level 1 of the Dungeon.
You visited 1 branch of the dungeon, and saw 1 of its levels.

Inventory:

Hand Weapons
 a - a +0 mace (weapon)
Scrolls
 c - a scroll of teleportation {unknown}
Potions
 b - a potion of might {unknown}


   Skills:
 - Level 3.2 Fighting
 + Level 3.5 Maces & Flails
 - Level 2.6 Dodging
 - Level 1.7 Stealth


You had one spell level left.
You didn't know any spells.
Your spell library was empty.

Dungeon Overview and Level Annotations

Branches:
Dungeon (1/15)

Altars:


Innate Abilities, Weirdness & Mutations

Your plain brown scales are hard. (AC +4)
You cannot fit into any form of body armour.
You are cold-blooded and may be slowed by cold attacks.


Message History

The endoplasm is almost dead.
The endoplasm hits you. The endoplasm freezes you.
You are frozen.
You feel yourself slow down.
You hit the endoplasm but do no damage.
The endoplasm is almost dead.
The endoplasm closely misses you.
You hit the endoplasm.
You kill the endoplasm!
The goblin closely misses you.
You barely miss the goblin.
You feel yourself speed up. The goblin closely misses you.
The goblin completely misses you.
You hit the goblin. You tail-slap the goblin.
You kill the goblin!
You hit the goblin.
You kill the goblin!
The kobold hits you with a +0 dagger.
You barely miss the kobold.
Your tail-slap misses the kobold.
The kobold hits you but does no damage.
You closely miss the kobold. The kobold barely misses you.
You hit the kobold but do no damage. The kobold barely misses you.
You hit the kobold.
You kill the kobold!
A quokka comes into view.
The kobold hits you but does no damage.
You have reached level 2!
You barely miss the kobold.
Your tail-slap misses the kobold.
The kobold misses you.
You closely miss the kobold. The kobold closely misses you.
You barely miss the kobold. The kobold hits you with a +0 whip.
You closely miss the kobold. The kobold hits you with a +0 whip.
A goblin comes into view. It is wielding a +0 club.
The kobold hits you with a +0 whip.
* * * LOW HITPOINT WARNING * * *
You closely miss the kobold. You tail-slap the kobold.
The kobold is moderately wounded.
A goblin comes into view. It is wielding a +0 dagger.
The kobold hits you with a +0 whip.
You die...

.. ..# .#.# #.##.##...
... ###+####
#......#.#.#.#. #≈≈.≈≈≈##
##.## ....g..
≈≈....§§######...##.#.#.#
≈..≈..§§#...............
≈....≈§.'.####...##.#.#.#
..≈....≈### ##.##r.g....
≈...§..≈# #..@K#.#.#.#.
§≈....≈≈# #.###........
#≈≈≈.≈≈## #. ##.#.#.#.
####+### #. ... #. .#.#
#. ..... #. .# #.# .# ...
## ..


You could see a quokka, 2 goblins and a kobold.

Vanquished Creatures
  An endoplasm (D:1)
  2 goblins (D:1)
  A hobgoblin (D:1)
  2 kobolds (D:1)
  A ball python (D:1)
7 creatures vanquished.

Notes
Turn   | Place    | Note
-------+----------+-------------------------------------------
     0 | D:1      | BeingJoeMalik the Draconian Monk began the quest for the
                  | Orb.
     0 | D:1      | Reached XP level 1. HP: 19/19 MP: 1/1
   219 | D:1      | Reached XP level 2. HP: 14/26 MP: 2/2
   223 | D:1      | Slain by a kobold

Illustrated notes

Levels and vault maps discovered:
D:1:      dpeg_arrival_short_road, layout_loops_corners,
          ebering_ecumenical_altar_rust, st_stairs_11, kennysheep_another_room,
          minmay_misc_feat_five

Action                   || total
-------------------------++-------
Melee: Mace              ||    26
       Tailslap          ||     4
Armor: Skin              ||     4
Dodge: Dodged            ||    16
